 Dungeon Crawl Stone Soup version 0.19.0-19-g8c6edcc (webtiles) character file.

629 mopl the Jinx (level 7, -2/27 HPs)
             Began as a Felid Enchanter on Nov 14, 2016.
             Was an Initiate of Sif Muna.
             Slain by a gnoll
             ... wielding a +1 spear of freezing
              (3 damage)
             ... on level 6 of the Dungeon.
             The game lasted 00:12:48 (6010 turns).

mopl the Jinx (Felid Enchanter)                     Turns: 6010, Time: 00:12:48

Health: -2/27      AC:  2    Str:  4    XL:     7   Next: 23%
Magic:  12/12      EV: 18    Int: 17    God:    Sif Muna [......]
Gold:   349        SH:  0    Dex: 18    Spells: 5 memorised, 0 levels left
                                        Lives:  0   Deaths: 2

rFire  . . .     SeeInvis +       - Unarmed
rCold  . . .     Gourm    .     (armour unavailable)
rNeg   . . .     Faith    .     (shield unavailable)
rPois  .         Spirit   .     (helmet unavailable)
rElec  .         Reflect  .     (cloak unavailable)
rCorr  .         Harm     .     (gloves unavailable)
MR     +....                    (boots unavailable)
Stlth  +++++.....               (no amulet)
                                (no ring)
                                (no ring)

@: quick
A: no armour, no weapons or thrown items, stealth, claws 1, fangs 3, see
invisible, carnivore 3, speed 1, shaggy fur 2, slow metabolism 1, sharp paws
a: Renounce Religion


You were on level 6 of the Dungeon.
You worshipped Sif Muna.
Sif Muna was noncommittal.
You were full.

You visited 2 branches of the dungeon, and saw 7 of its levels.

You collected 349 gold pieces.

Inventory:

Jewellery
 i - an uncursed ring of fire
Wands
 x - a wand of hasting (4/9)
 y - a wand of iceblast (5/15)
Scrolls
 d - 2 scrolls of amnesia {unknown}
 e - a scroll of teleportation {unknown}
 f - 4 scrolls of remove curse {unknown}
 g - 3 scrolls of identify {unknown}
 h - a scroll of fear {unknown}
 j - a scroll of noise {unknown}
 l - 2 scrolls of random uselessness {unknown}
 m - a scroll of fog {unknown}
 n - a scroll of recharging {unknown}
 A - a scroll of enchant armour {unknown}
Potions
 o - a potion of lignification {unknown}
 q - a potion of curing {unknown}
 r - 2 potions of heal wounds {unknown}
 t - a potion of ambrosia {unknown}
 u - a potion of cancellation {unknown}
 v - a potion of degeneration {unknown}
 w - a potion of might {unknown}
 z - a potion of flight {unknown}
 B - a potion of agility {unknown}
Books
 a - a book of Maledictions

   Spells                             Type                      Level
   a - Corona                         Hexes                        1
   b - Ensorcelled Hibernation        Hexes/Ice                    2
   c - Confuse                        Hexes                        3
   d - Tukima's Dance                 Hexes                        3
   e - Dazzling Spray                 Conjuration/Hexes            3
Miscellaneous
 k - a plain deck of destruction
 s - a plain deck of summoning
Comestibles
 b - 3 meat rations
 c - a beef jerky
 p - 3 slices of pizza


   Skills:
 - Level 2.6 Dodging
 * Level 8.6 Stealth
 * Level 5.1 Unarmed Combat
 - Level 3.0 Spellcasting
 * Level 9.0 Hexes
 + Level 2.9 Ice Magic


You couldn't memorise any spells.
You knew the following spells:

 Your Spells              Type           Power        Failure   Level  Hunger
a - Corona                Hex            ####...      1%          1    None
b - Ensorcelled Hibernat  Hex/Ice        ###...       2%          2    ##.....
c - Confuse               Hex            ####....     1%          3    ###....
d - Tukima's Dance        Hex            ####....     1%          3    ###....
g - Dazzling Spray        Conj/Hex       ###...       10%         3    ###....


Dungeon Overview and Level Annotations

Branches:
Dungeon (6/15)             Temple (1/1) D:6

Altars:
Fedhas
Gozag
Kikubaaqudgha
Makhleb
Nemelex Xobeh
Sif Muna
Vehumet
Yredelemnul


Innate Abilities, Weirdness & Mutations

You cannot wear armour.
You are incapable of wielding weapons or throwing items.
Your paws allow you to move quietly. (Stealth)
You have sharp claws.
You have razor-sharp teeth.
You have supernaturally acute eyesight. (SInv)
You are carnivorous and can eat meat at any time.
You cover ground quickly.
You are covered in thick fur. (AC +2)
You have a slow metabolism.
Your sharp claws are effective at attacking unaware monsters.


Message History

Found a long sword.
There is a staircase to the Ecumenical Temple here.
You climb downwards.
Welcome to the Ecumenical Temple!
Found four altars.
There is a staircase back to the Dungeon here.
Unknown command.
You start resting.
Eating a chunk of flesh.
You start eating the chunk of flesh.
This raw flesh tastes great.
Magic restored.
You climb upwards.
Welcome back to the Dungeon!
You hear the sound of rushing water.
There is an entrance to a sewer on this level.
Hurry and find it before the portal rusts away!
You hear the slow rusting of a very distant drain.
The gnoll hits you with a spear of freezing!
* * * LOW HITPOINT WARNING * * *
The gnoll freezes you.
* * * LOW HITPOINT WARNING * * *
The gnoll hits you with a spear of freezing.
You die...

.........g..#.# .##.
##..........#.## ....
##########.#..# ...##
#..#.. #..# ##h...
#.#### ###g. #....#
#....
#.#####.g..#########....
..)....@........†.......
####################.<..
#.... #####


You could see a gnoll.

Vanquished Creatures
  Prince Ribbit (D:6)
  Sigmund (D:5)
  An ice beast (D:3)
  An ogre (D:5)
  A small abomination (D:4)
  A bullfrog (D:4)
  3 scorpions
  A howler monkey (D:3)
  A centaur zombie (D:5)
  An orc wizard (D:4)
  An orc priest (D:4)
  3 hounds
  A jelly (D:5)
  Terence (D:2)
  2 iguanas
  A hound zombie (D:5)
  A hound skeleton (D:5)
  A gnoll (D:6)
  4 adders
  An ooze (D:3)
  An adder zombie (D:5)
  2 worms
  2 dart slugs
  7 leopard geckos
  7 orcs
  4 giant cockroaches
  A goblin (D:1)
  6 hobgoblins
  3 jackals (D:1)
  7 kobolds
  A quokka (D:4)
  6 bats
  4 frilled lizards
  6 rats
85 creatures vanquished.

Vanquished Creatures (collateral kills)
  A two-headed ogre (D:4)
1 creature vanquished.

Vanquished Creatures (others)
  A dancing weapon (D:2)
1 creature vanquished.

Grand Total: 87 creatures vanquished

Notes
Turn   | Place    | Note
-------+----------+-------------------------------------------
     0 | D:1      | mopl the Felid Enchanter began the quest for the Orb.
     0 | D:1      | Reached XP level 1. HP: 7/7 MP: 4/4
   209 | D:1      | Reached XP level 2. HP: 4/11 MP: 3/6
   421 | D:1      | Learned a level 2 spell: Ensorcelled Hibernation
  1343 | D:2      | Reached skill level 5 in Hexes
  1352 | D:2      | Found a sparkling altar of Nemelex Xobeh.
  1353 | D:2      | Found an opulent altar of Gozag.
  1358 | D:2      | Became a worshipper of Nemelex Xobeh the Trickster
  1802 | D:2      | Reached XP level 3. HP: 14/14 MP: 2/7
  1810 | D:2      | Learned a level 3 spell: Tukima's Dance
  2126 | D:2      | Received a gift from Nemelex Xobeh
  2187 | D:2      | Noticed Terence
  2195 | D:2      | Reached skill level 2 in Unarmed Combat
  2567 | D:2      | Killed Terence
  2567 | D:2      | Reached XP level 4. HP: 11/18 MP: 5/8
  2849 | D:3      | Reached skill level 1 in Ice Magic
  3198 | D:3      | Reached * piety under Nemelex Xobeh
  3202 | D:3      | Reached skill level 5 in Stealth
  3202 | D:3      | Reached XP level 5. HP: 21/21 MP: 9/9
  3320 | D:3      | Reached skill level 6 in Hexes
  3811 | D:3      | Received a gift from Nemelex Xobeh
  3918 | D:4      | Reached skill level 3 in Unarmed Combat
  4002 | D:4      | Gained mutation: You are covered in thick fur. (AC +2) [Felid growth]
  4002 | D:4      | Reached XP level 6. HP: 24/24 MP: 10/10
  4015 | D:4      | Noticed a two-headed ogre
  4028 | D:4      | Killed a two-headed ogre
  4028 | D:4      | Reached skill level 6 in Stealth
  4238 | D:4      | Noticed an ice beast
  4330 | D:4      | Learned a level 3 spell: Confuse
  4350 | D:3      | Killed an ice beast
  4350 | D:3      | Reached skill level 7 in Hexes
  4350 | D:3      | Reached skill level 2 in Ice Magic
  4350 | D:3      | Reached XP level 7. HP: 26/27 MP: 1/12
  4492 | D:4      | Found a radiant altar of Vehumet.
  5002 | D:4      | Reached skill level 7 in Stealth
  5005 | D:4      | Reached skill level 4 in Unarmed Combat
  5029 | D:5      | Entered Level 5 of the Dungeon
  5104 | D:5      | Reached skill level 3 in Spellcasting
  5294 | D:5      | Learned a level 3 spell: Dazzling Spray
  5324 | D:5      | Found a deep blue altar of Sif Muna.
  5405 | D:5      | Fell from the grace of Nemelex Xobeh
  5405 | D:5      | Became a worshipper of Sif Muna the Loreminder
  5502 | D:5      | Noticed Sigmund
  5507 | D:5      | Found an opulent altar of Gozag.
  5510 | D:5      | Killed Sigmund
  5510 | D:5      | Reached skill level 8 in Hexes
  5548 | D:5      | Slain by an ogre
  5549 | D:5      | Reached XP level 6. HP: -2/24 MP: 10/11
  5563 | D:5      | Reached XP level 7. HP: 27/27 MP: 9/12
  5575 | D:5      | Noticed a thrashing horror
  5582 | D:5      | Mangled by a thrashing horror
  5583 | D:5      | Reached XP level 6. HP: -13/24 MP: 8/11
  5651 | D:5      | Reached skill level 8 in Stealth
  5883 | D:6      | Noticed Prince Ribbit
  5891 | D:6      | Killed Prince Ribbit
  5891 | D:6      | Reached skill level 5 in Unarmed Combat
  5891 | D:6      | Reached XP level 7. HP: 27/27 MP: 5/12
  5920 | D:6      | Reached skill level 9 in Hexes
  5923 | D:6      | Found a staircase to the Ecumenical Temple.
  5932 | Temple   | Entered the Ecumenical Temple
  6010 | D:6      | HP: 1/27 [gnoll/spear of freezing (4)]
  6010 | D:6      | Slain by a gnoll

Skill      XL: |  1  2  3  4  5  6  7 |
---------------+----------------------+-----
Hexes          | 5 6 7 9 |  9.0
Unarmed Combat | 2 3 5 4 |  5.1
Ice Magic      | 1 2 |  2.9
Stealth        | 5 8 7 |  8.6
Spellcasting   | 3 |  3.0
Dodging        | |  2.6

Action                   |  1- 3 |  4- 6 |  7- 9 || total
-------------------------+-------+-------+-------++-------
Melee: Unarmed           |   112 |   110 |    39 ||   261
       Bite              |     7 |     7 |     5 ||    19
       Punch             |       |     1 |       ||     1
 Cast: Corona            |     6 |       |       ||     6
       Ensorcelled Hiber |    13 |    17 |    13 ||    43
       Tukima's Dance    |     1 |     2 |       ||     3
       Confuse           |       |     9 |     3 ||    12
Evoke: Wand              |       |       |     1 ||     1
 Stab: Sleeping          |    17 |    23 |    12 ||    52
       Confused          |       |     5 |       ||     5
  Eat: Chunk             |    11 |    10 |     4 ||    25
Armor: Skin              |     7 |     3 |     3 ||    13
Dodge: Dodged            |    79 |    72 |    28 ||   179
